 Dungeon Sprint DCSS version 0.23.0-2-g0fe3ce5 (webtiles) character file.

Game seed: 5107350401414518074

42739 nuthulu the Naga Aeon (level 14, -7/151 HPs)
             Began as a Naga Fighter on Feb 19, 2019.
             Was the Champion of Cheibriados.
             Killed from afar by a fire giant (38 damage)
             ... with a bolt of fire
             ... in the Dungeon (Sprint V: "Ziggurat Sprint").
             The game lasted 00:07:08 (1515 turns).

nuthulu the Naga Aeon (Naga Fighter)                Turns: 1515, Time: 00:07:08

Health: -7/151     AC: 27    Str: 40    XL:     14   Next: 21%
Magic:  20/38      EV:  1    Int: 39    God:    Cheibriados [******]
Gold:   9          SH: 34    Dex: 26    Spells: 35/35 levels left

rFire    . . .     SeeInvis +   F - +14 obsidian axe {chop, +Fly SInv *Curse} (curse)
rCold    . . .     Gourm    +   H - +18 shield of the Gong {rElec rN+ MR+ EV-5}
rNeg     + . .     Faith    .   G - +15 Maxwell's patent armour {-Cast -Tele rElec MR+ rCorr}
rPois    +         Spirit   .   (no helmet)
rElec    +         Reflect  .   I - scarf {cloud immunity}
rCorr    +         Harm     .   (no gloves)
MR       +++++     NoTele   +   (no barding) Stlth ..........NoCast +
                                N - amulet of Hetus {Gourm rPois MR++ Int+3 Dex-4}
HPRegen  0.35/turn              D - +6 ring of strength
MPRegen  0.26/turn              M - ring of Due Proportion {MP+9 Int+8 Dex+4}

@: mesmerised, studying Polearms, very slow
A: large, see invisible, deformed body, poison resistance, slowness 2, slow
metabolism 1, spit poison 1, constrict 1, AC +4
a: Spit Poison, Bend Time, Temporal Distortion, Slouch, Step From Time, Renounce
Religion, Evoke Flight


You were in the Dungeon.
You worshipped Cheibriados.
Cheibriados was exalted by your worship.
You were not hungry.

You visited 1 branch You collected 9 gold pieces.

Inventory:

Hand Weapons
 F - the cursed +14 obsidian axe (weapon) {chop, +Fly SInv *Curse}
   (You found it in the Dungeon)

   It inflicts extra damage upon your enemies.
   It lets you see invisible.
   It lets you fly.
   It curses itself when equipped.
   It has a curse placed upon it.
Armour
 G - the +15 Maxwell's patent armour (worn) {-Cast -Tele rElec MR+ rCorr}
   (You found it in the Dungeon)

   It insulates you from electricity.
   It affects your resistance to hostile enchantments.
   It prevents spellcasting.
   It prevents most forms of teleportation.
   It provides partial protection from all sources of acid and corrosion.
 H - the +18 shield of the Gong (worn) {rElec rN+ MR+ EV-5}
   (You found it in the Dungeon)

   It affects your evasion (-5).
   It insulates you from electricity.
   It protects you from negative energy.
   It affects your resistance to hostile enchantments.
 I - a scarf of cloud immunity (worn)
Jewellery
 a - an uncursed amulet of regeneration
 h - a +4 ring of slaying
 j - an uncursed ring of wizardry
 o - a +5 ring of intelligence
 z - a +6 ring of dexterity
 A - a +6 ring of dexterity
 B - a +6 ring of intelligence
 C - a +6 ring of intelligence
 D - a +6 ring of strength (left hand)
 E - a +6 ring of strength
 M - the ring of Due Proportion (right hand) {MP+9 Int+8 Dex+4}
   (You found it in the Dungeon)

   [ring of magical power]

   It affects your intelligence (+8).
   It affects your dexterity (+4).
   It affects your magic capacity (+9).
 N - the amulet of Hetus (around neck) {Gourm rPois MR++ Int+3 Dex-4}
   (You found it in the Dungeon)

   [amulet of the gourmand]

   It allows you to eat raw meat even when not hungry.
   It affects your intelligence (+3).
   It affects your dexterity (-4).
   It protects you from poison.
   It affects your resistance to hostile enchantments.
Wands
 w - a wand of disintegration (7)
 x - a wand of iceblast (7)
 y - a wand of acid (7)
 L - a wand of flame (11)
Scrolls
 b - a scroll of brand weapon
 c - 8 scrolls of enchant weapon
 k - 4 scrolls of blinking
 q - 4 scrolls of amnesia
 r - 7 scrolls of fog
 s - a scroll of holy word
 t - 5 scrolls of identify
 u - 5 scrolls of remove curse
 v - 2 scrolls of fear
Potions
 d - 6 potions of might
 e - 6 potions of curing
 g - 6 potions of heal wounds
 i - 7 potions of magic
 l - 2 potions of brilliance
 m - 2 potions of invisibility
 n - 4 potions of resistance
 p - 5 potions of agility
 K - a potion of degeneration {unknown}
Books
 J - a manual of Polearms
Comestibles
 f - 7 rations


   Skills:
 + Level 16.7 Fighting
 + Level 16.9 Axes
 - Level 6.0 Armour
 - Level 0.1 Dodging
 - Level 11.3 Shields
 * Level 11.4 Spellcasting
 * Level 23.1 Invocations


You had 35 spell levels left.
You didn't know any spells.
Your spell library was empty.

Dungeon Overview and Level Annotations

Branches:
Dungeon (1/1)

Altars:
Ashenzari
Cheibriados
Dithmenos
Elyvilon
Fedhas
Gozag
Hepliaklqana
Kikubaaqudgha
Makhleb
Nemelex Xobeh
Okawaru
Qazlal
Ru
Sif Muna
Trog
Uskayaw
Vehumet
Wu Jian
Xom
Yredelemnul
Zin
The Shining One
Beogh
Jiyva
Lugonu


Innate Abilities, Weirdness & Mutations

You cannot wear boots.
Your serpentine skin is tough. (AC +4)
You have supernaturally acute eyesight. (SInv)
Armour fits poorly on your strangely shaped body.
Your system is resistant to poisons. (rPois)
You cover ground very slowly.
You have a slow metabolism.
You can spit poison.
You can use your snake-like lower body to constrict enemies.


Message History

The fire dragon scales are intact enough to wear.
You feel somewhat more hungry.
Visions of slaying the fire dragon flood into your mind.
The fire giant points at you and mumbles some strange words.
The bolt of fire hits you!!
* * * LOW HITPOINT WARNING * * *
You feel much better. The hell hog breathes fire at you.
The fireball explodes!
The fireball engulfs you!!
* * * LOW HITPOINT WARNING * * *
You feel much better.
Visions of slaying the fire giant flood into your mind.
The fire dragon breathes flames at you.
The blast of flame hits the fire giant!
The fire giant resists.
The blast of flame hits you!!!
* * * LOW HITPOINT WARNING * * *
You feel much better. The fire giant casts a spell at you.
The bolt of fire hits you!!!
You die...

▓....))...
▓........°....▓......†..
▓.....†.......▓....†)†..
▓†.....°......▓..▓..|..▓
▓....[.R......▓.▓▓▓.†.▓▓
▓....ChD......▓..▓.....▓
..▓...C...▓..▓.....©...
▓ ▓.▓.....▓.▓ ▓▓▓▓▓▓▓▓▓▓
▓..▓...@...▓..▓....8©8..
▓.............▓..:..})=.
▓......©......▓...)|!}..
▓▓▓▓▓▓▓▓▓▓▓▓▓▓▓.........
▓......... ▓.........
▓......... ▓....[))..
▓..▓.÷)).▓


You could see 2 fire giants, a fire dragon, a hell hog and an efreet.

Vanquished Creatures
  Roxanne (D)
  A storm dragon (D)
  3 nagarajas (D)
  A very ugly thing (D)
  2 fire dragons (D)
  2 naga warriors (D)
  Erolcha (D)
  2 anacondas (D)
  4 spriggan air magi (D)
  A dancing weapon (D)
  2 hell hogs (D)
  A shock serpent (shapeshifter) (D)
  Urug (D)
  4 deep elf knights (D)
  A fire crab (shapeshifter) (D)
  A death drake (shapeshifter) (D)
  A sea snake (shapeshifter) (D)
  4 deep elf archers (D)
  A lindwurm (shapeshifter) (D)
  Pikel (D)
  2 wolf spiders (D)
  A harpy (shapeshifter) (D)
  A shining eye (D)
  A wolf spider (shapeshifter) (D)
  An ugly thing (D)
  4 deep elf magi (D)
  4 black mambas (D)
  Maurice (D)
  5 guardian serpents (D)
  Joseph (D)
  4 naga magi (D)
  4 guardian mummies (D)
  A meliai (shapeshifter) (D)
  A jumping spider (D)
  Prince Ribbit (D)
  2 wind drakes (D)
  A snapping turtle (shapeshifter) (D)
  A spriggan (D)
  5 air elementals (D)
  An ushabti (D)
  A redback (shapeshifter) (D)
  A water elemental (D)
  A tarantella (D)
  A fire elemental (D)
  Grum (D)
  A neqoxec (D)
  5 nagas (D)
  6 insubstantial wisps (D)
  9 water moccasins (D)
  5 hell hounds (D)
  Purgy (D)
  3 black bears (D)
  2 wolves (D)
  2 scorpions (D)
  An iguana (D)
  6 mummies (D)
  2 adders (D)
  3 jackals (D)
  3 ball pythons (D)
  A giant cockroach zombie (D)
  2 fire vortices (D)
134 creatures vanquished.

Vanquished Creatures (collateral kills)
  A nagaraja (D)
  A naga warrior (D)
  A yak (D)
  An insubstantial wisp (D)
  An adder (D)
5 creatures vanquished.

Vanquished Creatures (others)
  An adder (D)
1 creature vanquished.

Grand Total: 140 creatures vanquished

Notes
Turn   | Place    | Note
-------+----------+-------------------------------------------
     0 | D        | Found the +6 Majin-Bo {vamp, Archmagi MP+6 Int+6}
     0 | D        | Found the +7 great mace "Firestarter" {inner flame, rF++}
     0 | D        | nuthulu the Naga Fighter began the quest for the Orb.
     0 | D        | Reached XP level 1. HP: 21/21 MP: 1/1
     0 | D        | Found a deep blue altar of Sif Muna.
     0 | D        | Found a sacrificial altar of Ru.
     0 | D        | Found a bloodstained altar of Trog.
     0 | D        | Found a stormy altar of Qazlal.
     0 | D        | Found an iron altar of Okawaru.
     0 | D        | Found a sparkling altar of Nemelex Xobeh.
     0 | D        | Found a blossoming altar of Fedhas.
     2 | D        | Found a transporter.
     2 | D        | Found an ancient bone altar of Kikubaaqudgha.
     2 | D        | Found a viscous altar of Jiyva.
     2 | D        | Found a corrupted altar of Lugonu.
     2 | D        | Found a hazy altar of Hepliaklqana.
     2 | D        | Found a burning altar of Makhleb.
     2 | D        | Found an opulent altar of Gozag.
    21 | D        | Found the +9 heavy crossbow "Sniper" {velocity, Acc+∞ SInv}
    21 | D        | Found the +10 dark maul {crush}
    21 | D        | Found the +15 Maxwell's patent armour {-Cast -Tele rElec
                  | MR+ rCorr}
    21 | D        | Found the +18 shield of the Gong {rElec rN+ MR+ EV-5}
    21 | D        | Found the cursed +14 obsidian axe {chop, +Fly SInv *Curse}
    53 | D        | Became a worshipper of Cheibriados the Contemplative
    60 | D        | Reached skill level 3 in Invocations
    60 | D        | Reached XP level 2. HP: 30/30 MP: 1/5
   176 | D        | Entered arena 2.
   176 | D        | Found a transporter.
   182 | D        | Reached * piety under Cheibriados
   182 | D        | Reached XP level 3. HP: 37/37 MP: 7/7
   188 | D        | Entered arena 3.
   188 | D        | Found a transporter.
   191 | D        | Reached ** piety under Cheibriados
   192 | D        | Reached XP level 4. HP: 45/45 MP: 8/8
   203 | D        | Entered arena 4.
   203 | D        | Noticed a wolf
   203 | D        | Noticed a yak
   203 | D        | Found a transporter.
   206 | D        | Reached *** piety under Cheibriados
   207 | D        | Killed a wolf
   207 | D        | Reached skill level 5 in Fighting
   207 | D        | Reached skill level 4 in Invocations
   207 | D        | Reached XP level 5. HP: 52/52 MP: 8/10
   207 | D        | Killed a yak
   207 | D        | Reached **** piety under Cheibriados
   207 | D        | Reached skill level 5 in Axes
   207 | D        | Reached skill level 5 in Shields
   207 | D        | Reached skill level 5 in Invocations
   207 | D        | Reached XP level 6. HP: 62/62 MP: 8/12
   236 | D        | Entered arena 5.
   236 | D        | Noticed an air elemental
   236 | D        | Noticed an insubstantial wisp
   236 | D        | Noticed an insubstantial wisp
   236 | D        | Noticed an insubstantial wisp
   236 | D        | Found a transporter.
   237 | D        | Killed an insubstantial wisp
   237 | D        | Reached skill level 5 in Armour
   237 | D        | Reached skill level 5 in Spellcasting
   237 | D        | Reached skill level 6 in Invocations
   237 | D        | Killed an insubstantial wisp
   237 | D        | Reached XP level 7. HP: 70/70 MP: 12/15
   237 | D        | Killed an air elemental
   237 | D        | Reached ***** piety under Cheibriados
   237 | D        | Reached skill level 7 in Invocations
   240 | D        | Killed an insubstantial wisp
   396 | D        | Entered arena 6.
   396 | D        | Noticed a spriggan
   396 | D        | Found a transporter.
   397 | D        | Identified the +6 falchion of Giceha {elec, rF+ rC+ MR+
                  | Dex-3}
   399 | D        | Reached XP level 8. HP: 80/80 MP: 17/17
   403 | D        | Killed a spriggan
   403 | D        | Reached skill level 8 in Invocations
   412 | D        | Entered arena 7.
   412 | D        | Noticed a tarantella
   412 | D        | Noticed a wolf spider
   412 | D        | Noticed a wolf spider
   412 | D        | Noticed a jumping spider
   413 | D        | Found a transporter.
   416 | D        | Reached ****** piety under Cheibriados
   416 | D        | Killed a tarantella
   417 | D        | Killed a wolf spider
   417 | D        | Reached skill level 10 in Shields
   417 | D        | Reached XP level 9. HP: 56/87 MP: 19/19
   421 | D        | Killed a wolf spider
   424 | D        | Killed a jumping spider
   424 | D        | Reached skill level 9 in Invocations
   514 | D        | Entered arena 8.
   514 | D        | Noticed a deep elf archer
   514 | D        | Noticed a +3 trident of piercing
   514 | D        | Noticed a deep elf knight
   514 | D        | Noticed a deep elf knight
   514 | D        | Noticed a deep elf knight
   514 | D        | Noticed a deep elf mage
   515 | D        | Killed a +3 trident of piercing
   515 | D        | Reached skill level 10 in Invocations
   516 | D        | Killed a deep elf mage
   516 | D        | Reached skill level 11 in Invocations
   516 | D        | Reached XP level 10. HP: 85/98 MP: 14/20
   516 | D        | Killed a deep elf knight
   516 | D        | Reached skill level 12 in Invocations
   516 | D        | Killed a deep elf knight
   516 | D        | Reached skill level 10 in Axes
   516 | D        | Killed a deep elf knight
   516 | D        | Reached skill level 10 in Fighting
   516 | D        | Reached skill level 13 in Invocations
   517 | D        | Found a transporter.
   518 | D        | Killed a deep elf archer
   595 | D        | Entered arena 9.
   595 | D        | Noticed a naga mage
   596 | D        | Found a transporter.
   604 | D        | Killed a naga mage
   604 | D        | Reached skill level 14 in Invocations
   639 | D        | Entered arena 10.
   639 | D        | Noticed a deep elf knight
   639 | D        | Noticed a deep elf archer
   639 | D        | Noticed a deep elf mage
   639 | D        | Noticed a deep elf mage
   639 | D        | Noticed a deep elf mage
   639 | D        | Noticed a deep elf archer
   639 | D        | Noticed a deep elf archer
   641 | D        | Killed a deep elf mage
   641 | D        | Reached XP level 11. HP: 110/110 MP: 15/21
   641 | D        | Killed a deep elf archer
   641 | D        | Killed a deep elf mage
   641 | D        | Reached skill level 15 in Invocations
   641 | D        | Killed a deep elf archer
   641 | D        | Killed a deep elf archer
   641 | D        | Killed a deep elf mage
   641 | D        | Killed a deep elf knight
   641 | D        | Reached skill level 16 in Invocations
   642 | D        | Found a transporter.
   650 | D        | Entered arena 11.
   651 | D        | Found a transporter.
   822 | D        | Entered arena 12.
   822 | D        | Noticed Grum
   822 | D        | Noticed Erolcha
   822 | D        | Noticed Urug
   822 | D        | Identified Roxanne's Papyrus of Stones
   822 | D        | Noticed Roxanne
   822 | D        | Noticed Prince Ribbit
   823 | D        | Identified the +10 short sword "Qotuotz" {drain, rPois rF+
                  | MR+}
   823 | D        | Noticed Joseph
   823 | D        | Noticed Purgy
   823 | D        | Noticed Pikel
   824 | D        | Killed Prince Ribbit
   824 | D        | Noticed Maurice
   825 | D        | Killed Grum
   825 | D        | Killed Pikel
   825 | D        | Killed Purgy
   825 | D        | Reached skill level 17 in Invocations
   826 | D        | Killed Joseph
   826 | D        | Killed Urug
   826 | D        | Killed Maurice
   826 | D        | Killed Erolcha
   826 | D        | Reached XP level 12. HP: 118/123 MP: 13/24
   827 | D        | Found a transporter.
   845 | D        | Killed Roxanne
   845 | D        | Reached skill level 18 in Invocations
   908 | D        | Entered arena 13.
   908 | D        | Noticed a naga warrior
   908 | D        | Noticed a nagaraja
   908 | D        | Noticed a naga warrior
   909 | D        | Noticed a naga warrior
   913 | D        | Killed a nagaraja
   913 | D        | Reached skill level 19 in Invocations
   913 | D        | Killed a naga warrior
   917 | D        | Killed a naga warrior
   919 | D        | Killed a naga warrior
   920 | D        | Found a transporter.
   927 | D        | Got the ring of Due Proportion {MP+9 Int+8 Dex+4}
  1048 | D        | Entered arena 14.
  1049 | D        | Noticed an anaconda
  1050 | D        | Noticed a nagaraja
  1052 | D        | Killed an anaconda
  1056 | D        | Reached skill level 20 in Invocations
  1065 | D        | Killed a nagaraja
  1065 | D        | Reached skill level 15 in Axes
  1065 | D        | Gained mutation: You can use your snake-like lower body to
                  | constrict enemies. [Naga growth]
  1065 | D        | Reached XP level 13. HP: 96/136 MP: 27/27
  1066 | D        | Found a transporter.
  1072 | D        | Got the amulet of Hetus {Gourm rPois MR++ Int+3 Dex-4}
  1178 | D        | Entered arena 15.
  1179 | D        | Noticed a nagaraja
  1180 | D        | Noticed a nagaraja
  1183 | D        | Reached skill level 15 in Fighting
  1184 | D        | Reached skill level 21 in Invocations
  1186 | D        | Killed a nagaraja
  1187 | D        | Found a transporter.
  1190 | D        | Killed a nagaraja
  1333 | D        | Entered arena 16.
  1334 | D        | Noticed a green very ugly thing
  1337 | D        | Reached skill level 22 in Invocations
  1338 | D        | Killed a green very ugly thing
  1340 | D        | Found a transporter.
  1429 | D        | Entered arena 17.
  1432 | D        | Identified the amulet "Gyxkyem" {RegenMP +Fly rC+ Dex+2
                  | Slay+2}
  1432 | D        | Identified the +11 spear "Undertaker" {elec, +Blink +Fly
                  | rPois Str-3}
  1433 | D        | Noticed a storm dragon
  1433 | D        | Reached skill level 10 in Spellcasting
  1434 | D        | Reached XP level 14. HP: 151/151 MP: 29/29
  1435 | D        | Killed a storm dragon
  1437 | D        | Found a transporter.
  1505 | D        | Entered arena 18.
  1509 | D        | Reached skill level 23 in Invocations
  1509 | D        | Noticed a fire giant
  1509 | D        | Noticed a fire giant
  1515 | D        | Killed from afar by a fire giant

Skill      XL: |  1  2  3  4  5  6  7  8  9 10 11 12 13 14 |
---------------+-------------------------------------------+-----
Fighting       | 4 5 6 7 8 10 12 14 16 | 16.7
Axes           | 3 4 5 6 7 8 9 11 13 15 16 | 16.9
Armour         | 3 4 5 6 |  6.0
Shields        | 3 4 5 6 10 11 | 11.3
Spellcasting   | 2 3 4 5 6 10 11 | 11.4
Invocations    | 3 4 5 6 7 8 11 14 17 20 22 23 | 23.1
Dodging        | |  0.1

Action                   |  1- 3 |  4- 6 |  7- 9 | 10-12 | 13-15 || total
-------------------------+-------+-------+-------+-------+-------++-------
Melee: Broad axe         |     8 |     4 |    16 |    42 |     7 ||    77
       Constrict         |       |       |       |       |     2 ||     2
Invok: Slouch            |       |       |     2 |    14 |    13 ||    29
  Use: Potion            |     1 |       |     1 |     3 |     5 ||    10
 Stab: Distracted        |       |       |       |     1 |       ||     1
  Eat: Ration            |       |       |       |     1 |       ||     1
       Chunk             |       |       |       |       |     2 ||     2
Armor: Plate armour      |       |     2 |    26 |    18 |     4 ||    50
Dodge: Dodged            |       |       |     3 |     1 |       ||     4
Block: Shield            |    10 |    10 |    51 |    75 |    13 ||   159
